 Dungeon Crawl Stone Soup version 0.29-a0-251-g80730f7218 (webtiles) character file.

Game seed: 2476434974387392845

153 dolemite99 the Digger (level 5, -6/55 HPs)
             Began as a Gnoll Earth Elementalist on Mar 5, 2022.
             Was a Follower of Okawaru.
             Mangled by Edmund
             ... wielding a +4 vorpal flail
              (22 damage)
             ... on level 4 of the Dungeon.
             The game lasted 00:04:22 (2865 turns).

dolemite99 the Digger (Gnoll Earth Elementalist)    Turns: 2865, Time: 00:04:22

Health: -6/55      AC:  4    Str:  8    XL:     5   Next: 35%
Magic:  10/12      EV: 15    Int: 16    God:    Okawaru [*.....]
Gold:   33         SH:  0    Dex: 12    Spells: 8/14 levels left

rFire   + . .      SeeInvis .   b - +1 dagger (venom)
rCold   . . .      Faith    .   (no shield)
rNeg    . . .      Spirit   .   u - +1 leather armour {rF+}
rPois   .          Reflect  .   (no helmet)
rElec   .          Harm     .   (no cloak)
rCorr   .          Rampage  .   (no gloves)
Will    .....                   (no boots)
Stlth   ..........              (no amulet)
HPRegen 0.18/turn               (no ring)
MPRegen 0.13/turn               (no ring)

@: berserking, heroic, very quick
A: fangs 1, strong nose, distributed training
a: Renounce Religion, Heroism


You were on level 4 of the Dungeon.
You worshipped Okawaru.
Okawaru was aware of your devotion.
You visited 1 branch of the dungeon, and saw 4 of its levels.

You collected 178 gold pieces.
You spent 145 gold pieces at shops.

Inventory:

Hand Weapons
 a - a +1 hunting sling of freezing
 b - a +1 dagger of venom (weapon)
 e - a +0 dagger
Missiles
 i - 6 boomerangs
 o - 26 stones
 p - 3 poisoned darts
 q - 4 javelins
Armour
 c - a +0 leather armour
 j - a +0 kite shield
 u - a +1 leather armour of fire resistance (worn)
Magical Staves
 n - a staff of earth
Jewellery
 f - a ring of fire
 l - a ring of magical power
 v - an amulet of regeneration
Scrolls
 g - 3 scrolls of teleportation
 m - a scroll of holy word {unknown}
 r - a scroll of amnesia
 w - a scroll of identify {@r1}
Potions
 h - a potion of flight
 k - a potion of ambrosia
 s - a potion of might
 t - a potion of invisibility {unknown}


   Skills:
 + Level 1.4(6.4) Fighting
 + Level 1.4(6.4) Short Blades
 + Level 1.4(6.4) Long Blades
 + Level 1.4(6.4) Axes
 + Level 1.4(6.4) Maces & Flails
 + Level 1.4(6.4) Polearms
 + Level 1.4(6.4) Staves
 + Level 1.4(6.4) Slings
 + Level 1.4(6.4) Bows
 + Level 1.4(6.4) Crossbows
 + Level 1.4(6.4) Throwing
 + Level 1.4(6.4) Armour
 + Level 4.8(9.8) Dodging
 + Level 4.4(9.4) Stealth
 + Level 1.4(6.4) Shields
 + Level 1.4(6.4) Unarmed Combat
 + Level 5.2 Spellcasting
 + Level 1.1 Conjurations
 + Level 1.1 Hexes
 + Level 1.1 Summonings
 + Level 1.1 Necromancy
 + Level 1.1 Translocations
 + Level 2.4 Transmutations
 + Level 1.1 Fire Magic
 + Level 1.1 Ice Magic
 + Level 1.1 Air Magic
 + Level 5.5 Earth Magic
 + Level 1.1 Poison Magic
 + Level 1.6 Invocations
 + Level 1.4 Evocations


You had 8 spell levels left.
You knew the following spells:

 Your Spells              Type           Power      Damage    Failure   Level
a - Sandblast             Erth           42%        2d11      1%          1
b - Stone Arrow           Conj/Erth      28%        3d8       16%         3
c - Passwall              Tmut/Erth      13%        N/A       6%          2

Your spell library contained the following spells:

 Spells                   Type           Power      Damage    Failure   Level
 Wereblood                Tmut           11%        N/A       12%         2
 Freeze                   Ice            28%        1d5       13%         1
 Ensorcelled Hibernation  Hex/Ice        14%        N/A       19%         2
 Sublimation of Blood     Necr           7%         N/A       19%         2
 Spider Form              Tmut/Pois      9%         N/A       28%         3
 Frozen Ramparts          Ice            14%        1d3       36%         3
 Ozocubu's Armour         Ice            7%         N/A       36%         3
 Petrify                  Tmut/Erth      16%        N/A       36%         4
 Anguish                  Hex/Necr       3%         N/A       77%         4
 Hailstorm                Conj/Ice       7%         3d4       77%         4
 Metabolic Englaciation   Hex/Ice        3%         N/A       98%         5
 Enfeeble                 Hex            3%         N/A       100%        7
 Tukima's Dance           Hex            Unusable   N/A       N/A         3
 Simulacrum               Ice/Necr       Unusable   N/A       N/A         6
 Summon Hydra             Summ           Unusable   N/A       N/A         7

Dungeon Overview and Level Annotations

Branches:
Dungeon (4/15)
 Temple: D:4-7

Altars:
Okawaru
Ru

Shops:
D:1 *   D:3 ?

Annotations:
D:4 Edmund


Innate Abilities, Weirdness & Mutations

You have very sharp teeth.
Your uncanny sense of smell can sniff out nearby items.
Your experience applies equally to all skills.


Message History

The sling bullet freezes the adder.
The adder hisses angrily.
The adder is severely wounded.
You shoot a sling bullet. The sling bullet hits the adder.
The sling bullet freezes the adder.
You kill the adder!
Okawaru accepts your kill.
No target in view!
No target in view!
No target in view!
Edmund the Younger comes into view.
He is wielding a +4 vorpal flail and wearing a +3 chain mail of cold resistance.
Edmund is nearby!
You shoot a sling bullet.
Edmund shouts!
The sling bullet hits Edmund but does no damage.
An adder comes into view.
You shoot a sling bullet. The sling bullet hits Edmund.
Edmund is lightly wounded.
Edmund barely misses you.
You shoot a sling bullet.
The sling bullet hits Edmund but does no damage.
Edmund is lightly wounded.
The adder misses you. The adder closely misses you.
Edmund says, "People think my brother is the best.
I think he's crazy."
Edmund drinks a potion.
Edmund goes berserk!
Okay, then.
You gain the combat prowess of a mighty hero.
Edmund closely misses you. The adder bites you but does no damage.
Edmund hits you with a +4 vorpal flail!
Your +1 hunting sling of freezing stops glowing.
Your +1 dagger of venom begins to drip with poison!
b - a +1 dagger of venom (weapon)
The adder closely misses you.
A red film seems to cover your vision as you go berserk!
You feel yourself moving faster!
You feel mighty! Edmund hits you with a +4 vorpal flail!
* * * LOW HITPOINT WARNING * * *
The adder misses you.
Edmund hits you with a +4 vorpal flail!!
You die...

# # #
##################
##...............#
##.#...#########@#
..............<@.S..#
........########.##.#
#.........# #.# #
...####.#.# #.# #.##
#.#.# #.# #.# #.#.#
#.# #.# #.#.# #.# #)#
#.#.#


You could see Edmund (berserk) and an adder.

Vanquished Creatures
  A hound (D:4)
  2 adders
  A worm (D:2)
  4 dart slugs
  13 orcs (D:4)
  3 endoplasms
  5 giant cockroaches
  6 goblins
  5 hobgoblins
  2 quokkas (D:2)
  13 ball pythons
  7 bats
  4 frilled lizards
  7 kobolds
  5 rats
78 creatures vanquished.

Vanquished Creatures (others)
  15 fungi (D:4)
15 creatures vanquished.

Grand Total: 93 creatures vanquished

Notes
Turn   | Place    | Note
-------+----------+-------------------------------------------
     0 | D:1      | dolemite99 the Gnoll Earth Elementalist began the quest for
                  | the Orb.
     0 | D:1      | Reached XP level 1. HP: 13/13 MP: 6/6
    29 | D:1      | Found Moathepn's Assorted Antiques.
   351 | D:1      | Reached XP level 2. HP: 20/20 MP: 4/7
   833 | D:1      | Reached XP level 3. HP: 25/25 MP: 6/9
   960 | D:2      | Reached skill level 5 in Spellcasting
  1066 | D:2      | Learned a level 3 spell: Stone Arrow
  1069 | D:2      | Learned a level 2 spell: Passwall
  1216 | D:2      | Reached skill level 1 in Invocations
  1372 | D:2      | Reached skill level 1 in Fighting
  1372 | D:2      | Reached skill level 1 in Short Blades
  1372 | D:2      | Reached skill level 1 in Long Blades
  1372 | D:2      | Reached skill level 1 in Axes
  1372 | D:2      | Reached skill level 1 in Maces & Flails
  1372 | D:2      | Reached skill level 1 in Polearms
  1372 | D:2      | Reached skill level 1 in Staves
  1372 | D:2      | Reached skill level 1 in Slings
  1372 | D:2      | Reached skill level 1 in Bows
  1372 | D:2      | Reached skill level 1 in Crossbows
  1372 | D:2      | Reached skill level 1 in Throwing
  1372 | D:2      | Reached skill level 1 in Armour
  1372 | D:2      | Reached skill level 1 in Shields
  1372 | D:2      | Reached skill level 1 in Unarmed Combat
  1372 | D:2      | Reached skill level 1 in Evocations
  1506 | D:2      | Reached XP level 4. HP: 32/32 MP: 11/11
  1561 | D:2      | Found a faded altar of an unknown god.
  1575 | D:2      | Prayed at the altar of an unknown god.
  1575 | D:2      | Became a worshipper of Warmaster Okawaru
  1575 | D:2      | Reached * piety under Okawaru
  2105 | D:3      | Found Othrog's Magic Scroll Boutique.
  2122 | D:3      | Bought a scroll of identify for 20 gold pieces
  2127 | D:3      | Bought a scroll of identify for 20 gold pieces
  2132 | D:3      | Learned a level 1 spell: Sandblast
  2134 | D:3      | Bought a scroll of teleportation for 30 gold pieces
  2134 | D:3      | Bought a scroll of enchant weapon for 75 gold pieces
  2252 | D:4      | Found a sacrificial altar of Ru.
  2312 | D:4      | Reached skill level 1 in Conjurations
  2312 | D:4      | Reached skill level 1 in Hexes
  2312 | D:4      | Reached skill level 1 in Summonings
  2312 | D:4      | Reached skill level 1 in Necromancy
  2312 | D:4      | Reached skill level 1 in Translocations
  2312 | D:4      | Reached skill level 1 in Fire Magic
  2312 | D:4      | Reached skill level 1 in Ice Magic
  2312 | D:4      | Reached skill level 1 in Air Magic
  2312 | D:4      | Reached skill level 1 in Poison Magic
  2549 | D:4      | Reached XP level 5. HP: 22/37 MP: 9/12
  2859 | D:4      | Noticed Edmund
  2865 | D:4      | Mangled by Edmund

Illustrated notes

Levels and vault maps discovered:
D:1:      heliophobic_arrival_ceremonial_halls, layout_basic, serial_shops,
          nicolae_shop_overgrown_old_shop
D:2:      layout_basic, shapermc_ecumenical_altar_mp_highgroup,
          minmay_misc_feat_five
D:3:      layout_rooms, serial_shops, shop
D:4:      layout_loops_ring, mainiacjoe_overflow_cross_hatched, uniq_edmund,
          uniq_ijyb

Skill      XL: |  1  2  3  4 |
---------------+-------------+-----
Transmutations | 2 |  2.4
Spellcasting   | 5 |  5.2
Invocations    | 1 |  1.6
Fighting       | 1 |  1.4
Short Blades   | 1 |  1.4
Long Blades    | 1 |  1.4
Axes           | 1 |  1.4
Maces & Flails | 1 |  1.4
Polearms       | 1 |  1.4
Staves         | 1 |  1.4
Slings         | 1 |  1.4
Bows           | 1 |  1.4
Crossbows      | 1 |  1.4
Throwing       | 1 |  1.4
Armour         | 1 |  1.4
Shields        | 1 |  1.4
Unarmed Combat | 1 |  1.4
Evocations     | 1 |  1.4
Conjurations   | 1 |  1.1
Hexes          | 1 |  1.1
Summonings     | 1 |  1.1
Necromancy     | 1 |  1.1
Translocations | 1 |  1.1
Fire Magic     | 1 |  1.1
Ice Magic      | 1 |  1.1
Air Magic      | 1 |  1.1
Poison Magic   | 1 |  1.1
Dodging        | |  4.8
Stealth        | |  4.4
Earth Magic    | |  5.5

Action                   |  1- 3 |  4- 6 || total
-------------------------+-------+-------++-------
Melee: Dagger            |     5 |       ||     5
 Fire: Hunting sling     |    32 |    71 ||   103
 Cast: Sandblast         |    40 |    18 ||    58
Invok: Heroism           |       |     1 ||     1
  Use: Scroll            |       |     7 ||     7
       Potion            |       |     1 ||     1
Armor: Leather armour    |     9 |    10 ||    19
Dodge: Dodged            |    38 |    25 ||    63

Table legend: (Time is in decaauts)
 A = Elapsed time spent in this place.
 B = Non-inter-level travel time spent in this place.
 C = Inter-level travel time spent in this place.
 D = Time resting spent in this place.
 E = Time spent auto-exploring this place.
 F = Levels seen in this place.
 G = Mean time per level.
                   A        B        C        D        E       F      G
               +--------+--------+--------+--------+--------+-----+--------+
         Total |   2913 |   2846 |     67 |    118 |   2063 |   4 |  728.2 |
       Dungeon |   2913 |   2846 |     67 |    118 |   2063 |   4 |  728.2 |
               +--------+--------+--------+--------+--------+-----+--------+

Top non-repeatable levels by time:
     D:1: 950 daAuts
     D:2: 865 daAuts
     D:4: 647 daAuts
     D:3: 451 daAuts
